 Dungeon Crawl Stone Soup version 0.23.0 (webtiles) character file.

Game seed: 6709759707465972542

26054 Lobben the Severer (level 12, -1/117 HPs)
             Began as a Minotaur Berserker on Feb 7, 2019.
             Was a High Priest of Trog.
             Slain by a sun demon (16 damage)
             ... summoned by a deep elf mage
             ... on level 15 of the Dungeon on Feb 9, 2019.
             The game lasted 02:53:47 (13814 turns).

Lobben the Severer (Minotaur Berserker)            Turns: 13814, Time: 02:53:48

Health: -1/117     AC: 15    Str: 22    XL:     12   Next: 94%
Magic:  11/11      EV:  7    Int:  4    God:    Trog [*****.]
Gold:   748        SH:  9    Dex: 15    Spells: 11/11 levels left

rFire    + . .     SeeInvis +   z - +5 war axe (freeze)
rCold    . . .     Gourm    .   u - +0 shield
rNeg     . . .     Faith    .   V - +2 plate armour {rF+}
rPois    +         Spirit   .   (helmet restricted)
rElec    .         Reflect  .   (no cloak)
rCorr    .         Harm     .   (no gloves)
MR       .....                  (no boots)
Stlth    ..........             K - amulet of regeneration
HPRegen  0.69/turn              m - ring of poison resistance
MPRegen  0.12/turn              R - ring of see invisible

@: about to teleport, very slightly contaminated, starving, heavily drained
A: retaliatory headbutt, horns 2
a: Berserk, Trog's Hand, Brothers in Arms, Renounce Religion


You were on level 15 of the Dungeon.
You worshipped Trog.
Trog was extremely pleased with you.
You were starving.

You visited 1 branch of the dungeon, and saw 15 of its levels.
You also visited: Ossuary.

You collected 964 gold pieces.
You spent 216 gold pieces at shops.

Inventory:

Hand Weapons
 o - the +8 Wrath of Trog {antimagic, *Rage}
   (You acquired it on level 13 of the Dungeon)

   It reduces the magical energy of the wielder, and disrupts the spells and
   magical abilities of those hit.
   Natural abilities and divine invocations are not affected.
   It may make you go berserk in combat.
 y - a +4 war axe of venom
 z - a +5 war axe of freezing (weapon)
 G - a +0 war axe of electrocution
 J - a +0 great mace
 S - a +3 antimagic battleaxe
Missiles
 a - 5 javelins of returning (quivered)
 w - 9 steel javelins
 N - 5 poisoned javelins
Armour
 r - a +4 troll leather armour
 u - a +0 shield (worn)
 V - a +2 plate armour of fire resistance (worn)
Jewellery
 g - an uncursed ring of ice
 m - a ring of poison resistance (left hand)
 x - an uncursed amulet of guardian spirit
 K - an amulet of regeneration (around neck)
 Q - an uncursed ring of resist corrosion
 R - a ring of see invisible (right hand)
Wands
 p - a wand of scattershot (6)
 E - a wand of iceblast (2)
 F - a wand of digging (5)
 I - a wand of polymorph (6)
Scrolls
 b - 2 scrolls of enchant weapon
 f - 7 scrolls of remove curse
 l - a scroll of fog
 s - 12 scrolls of teleportation
 C - 2 scrolls of magic mapping
 D - a scroll of summoning
 H - 2 scrolls of immolation
 L - 2 scrolls of fear {unknown}
 P - 2 scrolls of amnesia {unknown}
Potions
 d - 3 potions of mutation
 e - 2 potions of flight
 h - a potion of cancellation
 i - a potion of invisibility
 j - 10 potions of curing
 k - a potion of resistance
 n - 3 potions of magic
 q - 4 potions of heal wounds
 t - 2 potions of might
 v - 3 potions of brilliance
 A - a potion of ambrosia
 B - a potion of lignification
 M - a potion of agility
 O - a potion of berserk rage
 U - a potion of haste
Comestibles
 c - 24 rations


   Skills:
 * Level 14.1(11.5) Fighting
 * Level 16.7(14.0) Axes
 + Level 9.3(7.0) Armour
 + Level 8.5(6.2) Dodging
 - Level 1.3(0.0) Stealth
 - Level 4.2(2.1) Shields
 - Level 1.0(0.0) Evocations


You had 11 spell levels left.
You didn't know any spells.
Your spell library contained the following spells:

 Spells                   Type           Power        Failure   Level  Hunger
 Freeze                   Ice            #...         100%        1    ##.....
 Throw Frost              Conj/Ice       #.....       100%        2    ###....
 Ozocubu's Armour         Chrm/Ice       #.......     100%        3    ####...
 Summon Ice Beast         Ice/Summ       #.......     100%        4    #####..
 Throw Icicle             Conj/Ice       #.......     100%        4    #####..


Dungeon Overview and Level Annotations

Branches:
Dungeon (15/15)            Temple (0/1) D:5             Orc (0/2) D:10
   Lair: D:8-11      Vaults: D:13-14     Depths: D:15

Altars:
Ashenzari
Cheibriados
Dithmenos
Gozag
Okawaru
Qazlal
Ru
Uskayaw
Vehumet
Wu Jian
Xom
Yredelemnul
The Shining One

Shops:
D:9 *   D:11 !

Portals:
Trove: D:12 (give +3 gold dragon scales)

Annotations:
D:5 1 runed translucent door, Esekla's ghost, weakling FoWn


Innate Abilities, Weirdness & Mutations

You reflexively headbutt those who attack you in melee.
You have a pair of horns on your head.


Message History

Press: ? - help, Shift-Dir - straight line, f - sun demon
Aim: a sun demon (heavily wounded, summoned)
The mass of ice explodes!
The iceblast engulfs the sun demon!
The sun demon is frozen!
The sun demon is severely wounded.
The iceblast engulfs the sun demon!
The sun demon is frozen!
The sun demon is lightly wounded.
The iceblast engulfs you.
The iceblast engulfs the deep elf mage.
The deep elf mage is almost dead.
You block the sun demon's attack. You block the deep elf mage's attack.
The sun demon hits you!!
* * * LOW HITPOINT WARNING * * *
You are engulfed in flames.
You resist.
* * * LOW HITPOINT WARNING * * *
Press: ? - help, v - describe, . - travel
Here: a deep elf mage, wielding a +0 rapier and wearing a +0 ring mail (almost dead)
The floor, spattered with blood.
As you read the scroll of teleportation, it crumbles to dust.
You feel strangely unstable. The sun demon hits you!
You die...

###......#.##.####.####
.......................
###..#..††....####.##.#
#..#..#†###.# #.##..
#####.#(.#†# ### ####..
.........#.###### #..
#...†).......# ##.
###.)#..=....# #..
#@3#######.# ### #3e# #
#.)# # #..'..# #..#....
#..#..#.# ... #..#.#
...# ...# # #### ...#
####


You could see 2 sun demons and a deep elf mage.

Vanquished Creatures
  Kirke (D:15)
  Erica (D:8)
  2 two-headed ogres
  2 unseen horrors
  A cyclops (D:15)
  An orc sorcerer (D:15)
  4 ugly things (D:14)
  A naga mage (D:15)
  2 manticores
  2 kobold demonologists
  3 centaur skeletons
  2 komodo dragons
  A merfolk (D:9)
  2 trolls
  Prince Ribbit (D:5)
  A hornet (D:11)
  5 hippogriffs
  4 slime creatures (D:15)
  3 wyverns
  4 wraiths
  5 yaks (D:9)
  3 hungry ghosts (D:10)
  7 hogs (D:15)
  3 basilisks
  4 vampire mosquitoes (D:15)
  4 wargs (D:12)
  A water moccasin (D:12)
  A porcupine (D:10)
  6 orc warriors
  4 sky beasts
  An eye of draining (D:11)
  A black bear (D:10)
  A necrophage (D:7)
  4 ice beasts
  3 phantoms
  9 ogres
  4 centaurs
  A gnoll sergeant (D:6)
  7 bullfrogs
  19 big kobolds
  A hornet simulacrum (D:15)
  A troll zombie (D:10)
  3 scorpions
  9 killer bees
  13 wights
  7 crimson imps
  A bullfrog zombie (D:5)
  A jelly (D:10)
  3 centaur zombies
  6 orc priests
  A gnoll shaman (D:6)
  12 hounds
  8 orc wizards
  A bullfrog skeleton (D:10)
  2 iguanas
  2 hell rats (D:10)
  3 worker ants
  7 ogre zombies (D:10)
  A hound zombie (D:8)
  A hound skeleton (D:10)
  A howler monkey zombie (D:5)
  A worker ant zombie (D:8)
  Robin (D:2)
  6 adders
  20 gnolls
  3 river rats (D:10)
  3 shadow imps
  2 oozes (D:2)
  An adder skeleton (D:4)
  2 worms
  5 dart slugs
  6 leopard geckos
  69 orcs
  2 ball pythons
  6 bats
  8 giant cockroaches
  16 goblins
  16 hobgoblins
  12 jackals
  29 kobolds
  8 quokkas
  3 ball python skeletons (Ossuary)
  5 frilled lizards
  A giant cockroach zombie (D:5)
  A goblin skeleton (D:10)
  3 goblin zombies (D:10)
  4 hobgoblin skeletons
  4 hobgoblin zombies (D:10)
  A jackal skeleton (D:4)
  A kobold zombie (Ossuary)
  A leopard gecko skeleton (D:9)
  A leopard gecko zombie (D:5)
  3 orc skeletons
  15 orc zombies
  7 rats
481 creatures vanquished.

Vanquished Creatures (collateral kills)
  2 ugly things (D:14)
  2 orc warriors (D:12)
  3 wights (D:7)
7 creatures vanquished.

Grand Total: 488 creatures vanquished

Notes
Turn   | Place    | Note
-------+----------+-------------------------------------------
     0 | D:1      | Lobben the Minotaur Berserker began the quest for the Orb.
     0 | D:1      | Reached XP level 1. HP: 19/19 MP: 0/0
   420 | D:1      | Reached skill level 4 in Axes
   420 | D:1      | Reached XP level 2. HP: 24/27 MP: 1/1
  1131 | D:2      | Noticed Robin
  1318 | D:2      | Noticed a scorpion
  1322 | D:2      | Found a stormy altar of Qazlal.
  1333 | D:2      | Reached XP level 3. HP: 33/33 MP: 2/2
  1338 | D:2      | Killed a scorpion
  1338 | D:2      | Reached skill level 5 in Axes
  1338 | D:2      | Reached XP level 4. HP: 41/41 MP: 3/3
  1566 | D:2      | Killed Robin
  1566 | D:2      | Reached ** piety under Trog
  2099 | D:2      | Reached XP level 5. HP: 44/47 MP: 4/4
  2473 | D:3      | Reached skill level 5 in Fighting
  2473 | D:3      | Reached skill level 6 in Axes
  2558 | D:3      | Found a hide-covered altar of Uskayaw.
  3318 | D:4      | You fall through a shaft for 2 floors!
  3320 | D:6      | Noticed an ice beast
  3326 | D:5      | Entered Level 5 of the Dungeon
  3331 | D:5      | Reached *** piety under Trog
  3332 | D:5      | Noticed Prince Ribbit
  3345 | D:5      | Killed Prince Ribbit
  3345 | D:5      | Reached skill level 7 in Axes
  3345 | D:5      | Reached skill level 1 in Stealth
  3345 | D:5      | Reached XP level 6. HP: 42/56 MP: 5/5
  3390 | D:5      | Found a runed translucent door.
  3392 | D:5      | Noticed Esekla's ghost (weakling FoWn)
  3424 | D:5      | Found a staircase to the Ecumenical Temple.
  3465 | D:5      | Found a shadowy altar of Dithmenos.
  3534 | D:5      | Reached XP level 7. HP: 62/62 MP: 2/6
  3655 | D:4      | Reached skill level 8 in Axes
  3774 | D:4      | Found a sand-covered staircase.
  3782 | Ossuary  | Entered an ossuary
  3851 | Ossuary  | Received a gift from Trog
  3897 | Ossuary  | Noticed a flying skull
  3897 | Ossuary  | Noticed a wraith
  3918 | Ossuary  | Noticed a flying skull
  3938 | Ossuary  | Noticed a flying skull
  3939 | Ossuary  | Noticed a flying skull
  3952 | Ossuary  | Noticed a wraith
  3955 | Ossuary  | Killed a wraith
  4017 | Ossuary  | Noticed a flying skull
  4038 | Ossuary  | Noticed a wraith
  4048 | Ossuary  | Killed a wraith
  4048 | Ossuary  | Reached skill level 9 in Axes
  4048 | Ossuary  | Reached XP level 8. HP: 55/71 MP: 5/7
  4389 | D:4      | Found a snail-covered altar of Cheibriados.
  4438 | D:4      | Reached **** piety under Trog
  4606 | D:4      | Found a shattered altar of Ashenzari.
  4606 | D:4      | Found a sacrificial altar of Ru.
  4706 | D:5      | Reached skill level 1 in Shields
  4907 | D:5      | Reached skill level 10 in Axes
  5225 | D:6      | Reached XP level 9. HP: 55/81 MP: 8/8
  5456 | D:6      | Reached skill level 11 in Axes
  5724 | D:6      | Reached ***** piety under Trog
  5731 | D:6      | Reached skill level 5 in Armour
  5864 | D:6      | Noticed a troll
  5870 | D:6      | Killed a troll
  5916 | D:6      | Reached skill level 12 in Axes
  6401 | D:7      | Received a gift from Trog
  6674 | D:7      | Found an opulent altar of Gozag.
  6674 | D:7      | Found a radiant altar of Vehumet.
  6674 | D:7      | Found a shadowy altar of Dithmenos.
  6678 | D:7      | Found a glowing golden altar of the Shining One.
  6679 | D:7      | Found an ornate altar of the Wu Jian Council.
  7057 | D:7      | Reached skill level 1 in Evocations
  7090 | D:8      | Noticed Erica
  7104 | D:8      | Killed Erica
  7104 | D:8      | Reached skill level 13 in Axes
  7104 | D:8      | Reached XP level 10. HP: 78/90 MP: 6/9
  7962 | D:8      | Found an iron altar of Okawaru.
  8888 | D:9      | Reached skill level 10 in Fighting
  8897 | D:9      | Reached skill level 14 in Axes
  8939 | D:9      | Found Juru's Assorted Antiques.
  9017 | D:9      | Received a gift from Trog
  9272 | D:9      | Found a basalt altar of Yredelemnul.
  9500 | D:10     | Entered Level 10 of the Dungeon
  9578 | D:10     | Found a staircase to the Orcish Mines.
  9653 | D:10     | Reached skill level 5 in Dodging
  9972 | D:10     | Noticed a death yak
  9997 | D:10     | Reached XP level 11. HP: 79/101 MP: 10/10
 10095 | D:10     | Noticed a death yak
 10201 | D:10     | Upgraded the game from 0.23-b1-75-g379dba2534 to 0.23.0
 10504 | D:10     | Noticed a two-headed ogre
 10523 | D:10     | Killed a two-headed ogre
 10714 | D:10     | Noticed a death yak
 10788 | D:11     | Found a shimmering altar of Xom.
 10896 | D:11     | Received a gift from Trog
 10988 | D:11     | Found Socwud's Distillery.
 11065 | D:11     | Bought a potion of haste for 120 gold pieces
 11065 | D:11     | Bought a potion of heal wounds for 60 gold pieces
 11065 | D:11     | Bought a potion of curing for 36 gold pieces
 11129 | D:11     | Found a gate leading to a gauntlet.
 11143 | D:11     | Got an ichor-stained scale mail
 11519 | D:11     | Killed an unseen horror
 11519 | D:11     | Reached skill level 15 in Axes
 12401 | D:12     | Got a bloodstained ring mail
 12441 | D:12     | Found a portal to a secret trove of treasure.
 12536 | D:12     | Noticed a two-headed ogre
 12540 | D:12     | Killed a two-headed ogre
 13108 | D:13     | Identified a scroll of acquirement
 13111 | D:13     | Found the +8 Wrath of Trog {antimagic, *Rage}
 13150 | D:13     | Reached XP level 12. HP: 112/112 MP: 11/11
 13225 | D:13     | You fall through a shaft for 2 floors!
 13225 | D:15     | Entered Level 15 of the Dungeon
 13283 | D:14     | Received a gift from Trog
 13302 | D:14     | Reached skill level 16 in Axes
 13408 | D:14     | Noticed an eight-headed hydra
 13408 | D:14     | Noticed a centaur warrior
 13542 | D:15     | Found a glowing golden altar of the Shining One.
 13767 | D:15     | Noticed Kirke
 13786 | D:15     | Killed Kirke
 13814 | D:15     | Slain by a sun demon

Skill      XL: |  1  2  3  4  5  6  7  8  9 10 11 12 |
---------------+-------------------------------------+-----
Axes           | 4 5 7 9 10 13 14 15 16 | 16.7
Fighting       | 4 5 6 8 9 11 12 14 | 14.1
Dodging        | 3 4 5 7 8 |  8.5
Armour         | 3 4 6 7 9 |  9.3
Stealth        | 1 |  1.3
Shields        | 1 3 4 |  4.2
Evocations     | 1 |  1.0

Action                   |  1- 3 |  4- 6 |  7- 9 | 10-12 || total
-------------------------+-------+-------+-------+-------++-------
Melee: Hand axe          |    33 |   142 |    33 |       ||   208
       Headbutt          |     2 |    20 |    61 |   152 ||   235
       War axe           |       |       |   296 |   698 ||   994
Throw: Javelin           |       |       |       |     7 ||     7
Invok: Berserk           |     2 |     3 |     7 |    14 ||    26
       Trog's Hand       |       |     2 |     1 |     2 ||     5
       Brothers in Arms  |       |       |     1 |     3 ||     4
Evoke: Wand              |       |     2 |     1 |     7 ||    10
  Use: Scroll            |       |     6 |    14 |    19 ||    39
       Potion            |       |       |     1 |     4 ||     5
 Stab: Sleeping          |       |       |       |     4 ||     4
       Invisible         |       |       |       |     4 ||     4
       Petrified         |       |       |       |     2 ||     2
  Eat: Chunk             |     2 |     8 |    14 |    22 ||    46
       Ration            |       |     1 |     1 |     5 ||     7
Armor: Animal skin       |     8 |     9 |       |       ||    17
       Ring mail         |       |     3 |       |       ||     3
       Chain mail        |       |    15 |    75 |       ||    90
       Steam dragon scal |       |     6 |       |       ||     6
       Troll leather arm |       |       |     7 |   107 ||   114
       Plate armour      |       |       |       |    69 ||    69
Dodge: Dodged            |    19 |    80 |    77 |   258 ||   434
Block: Shield            |       |       |    91 |   255 ||   346
